 Dungeon Crawl Stone Soup version 0.28-a0-407-g69098e2f6d (webtiles) character file.

Game seed: 11051107849246908335

1528557 Pooter the Hoplite (level 27, 157/204 HPs)
             Began as a Minotaur Berserker on Sept 3, 2021.
             Was a Priest of Trog.
             Escaped with the Orb
             ... and 3 runes on Sept 5, 2021!
             The game lasted 11:57:02 (104776 turns).

Pooter the Hoplite (Minotaur Berserker)           Turns: 104776, Time: 11:57:03

Health: 157/204    AC: 25    Str: 37      XL:     27
Magic:  22/22      EV: 15    Int:  3 (5)  God:    Trog [***...]
Gold:   7620       SH: 31    Dex: 12      Spells: 26/26 levels left

rFire   + + .      SeeInvis +   a - +6 broad axe (freeze)
rCold   + . .      Faith    .   W - +3 tower shield
rNeg    . . .      Spirit   .   e - +2 gold dragon scales
rPois   +          Reflect  +   V - +2 hood of the Assassin {Detection Stab+ Stlth++}
rElec   .          Harm     .   Y - scarf {rC+ rF+}
rCorr   .          Rampage  .   (no gloves)
Will    ++...                   L - +0 pair of boots of Sorcery {+Inv rC- Str+6}
Stlth   +.........              g - amulet of the Elephant {Reflect SH+5 Stlth+}
HPRegen 0.44/turn               c - ring of Contentment {Fly SInv}
MPRegen 0.18/turn               B - ring of the Three Persimmons {rPois Str+3 Slay+4}

@: flying, slowed, studying Evocations, very slow
A: horns 2, retaliatory headbutt, claws 1, fangs 1, talons 2, deterioration 1,
dopey 1, frail 2, poison resistance, weak 1
0: Orb of Zot
}: 3/15 runes: decaying, silver, gossamer
a: Renounce Religion, Evoke Invisibility, Berserk, Trog's Hand


You escaped.
You worshipped Trog.
Trog was most pleased with you.
You visited 13 branches of the dungeon, and saw 55 of its levels.
You visited the Abyss 1 time.
You also visited: Sewer and Wizlab.

You collected 11879 gold pieces.
You spent 4259 gold pieces at shops.

Inventory:

Hand Weapons
 a - a +6 broad axe of freezing (weapon)
   (You took it off a hell knight on level 3 of the Depths)
 b - a +9 hand crossbow of freezing
   (You acquired it on level 3 of the Crypt)
 f - a +6 antimagic broad axe
   (Trog gifted it to you on level 2 of the Elven Halls)
 l - a +8 war axe of electrocution
   (You took it off Urug on level 1 of the Lair of Beasts)
 r - a +5 broad axe of flaming
   (Trog gifted it to you on level 1 of the Vaults)
 X - a +5 demon trident of flaming
   (You took it off a hell knight on level 1 of the Depths)
Missiles
 v - 17 curare-tipped darts
 E - 9 javelins
 Q - 978 bolts
 R - 12 boomerangs (quivered)
 Z - 6 silver boomerangs
Armour
 e - +2 gold dragon scales (worn)
   (You found it on level 1 of the Realm of Zot)
 L - the +0 pair of boots of Sorcery (worn) {+Inv rC- Str+6}
   (You bought it in a shop on level 4 of the Dungeon)

   Str:       It affects your strength (+6).
   rC:        It makes you vulnerable to cold.
   +Inv:      It lets you turn invisible.
 V - the +2 hood of the Assassin (worn) {Detection Stab+ Stlth++}
   (You found it on level 3 of the Elven Halls)

   It allows the wearer to sense nearby creatures.
   It allows the wearer to make particularly effective stabbing attacks against
   helpless or unaware enemies with any weapon.
   Stlth:     It makes you much more stealthy.
 W - a +3 tower shield (worn)
   (You found it on level 11 of the Dungeon)
 Y - a scarf of resistance (worn)
   (You found it on level 5 of the Realm of Zot)
Jewellery
 c - the ring of Contentment (left claw) {Fly SInv}
   (You took it off a deep elf archer on level 3 of the Elven Halls)

   [ring of flight]

   SInv:      It lets you see invisible.
   Fly:       It grants you flight.
 g - the amulet of the Elephant (around neck) {Reflect SH+5 Stlth+}
   (You bought it in a shop on level 2 of the Orcish Mines)

   [amulet of reflection]

   It reflects blocked missile attacks.
   SH:        It affects your SH (+5).
   Stlth:     It makes you more stealthy.
 B - the ring of the Three Persimmons (right claw) {rPois Str+3 Slay+4}
   (You bought it in a shop on level 4 of the Dungeon)

   [ring of slaying]

   Str:       It affects your strength (+3).
   Slay:      It affects your accuracy & damage with ranged weapons and melee
   (+4).
   rPois:     It protects you from poison.
 F - the ring of the Prince {rPois rF+ rN++}
   (You found it on level 5 of the Depths)

   [ring of protection from fire]

   rF:        It protects you from fire.
   rPois:     It protects you from poison.
   rN:        It greatly protects you from negative energy.
 I - the ring of Nuegri {Drain +Blink rPois Int+4 Dex+6}
   (You took it off a frost giant on level 5 of the Depths)

   [ring of dexterity]

   Int:       It affects your intelligence (+4).
   Dex:       It affects your dexterity (+6).
   rPois:     It protects you from poison.
   +Blink:    It lets you blink.
   Drain:     It drains your maximum health when unequipped.
 K - a +4 ring of slaying
   (You found it on level 5 of the Depths)
 T - the ring "Vota" {rPois rF+ Will+ rCorr Dex+4}
   (You took it off a tengu conjurer on level 5 of the Depths)

   [ring of resist corrosion]

   Dex:       It affects your dexterity (+4).
   rF:        It protects you from fire.
   rPois:     It protects you from poison.
   rCorr:     It protects you from acid and corrosion.
   Will:      It increases your willpower.
Wands
 d - a wand of iceblast (19)
   (You found it on level 10 of the Dungeon)
 u - a wand of paralysis (30)
   (You found it on level 2 of the Spider Nest)
 x - a wand of acid (19)
   (You found it on level 2 of the Vaults)
 D - a wand of digging (1)
   (You took it off an ironbound convoker on level 5 of the Vaults)
 H - a wand of charming (20)
   (You found it on level 12 of the Dungeon)
 O - a wand of mindburst (23)
   (You found it on level 3 of the Spider Nest)
Scrolls
 n - 8 scrolls of fog
 o - 2 scrolls of silence
 t - 20 scrolls of teleportation {@r4}
 w - 14 scrolls of fear
 y - 5 scrolls of magic mapping
 z - 4 scrolls of blinking
 C - 3 scrolls of holy word
 G - 6 scrolls of summoning
 J - 12 scrolls of immolation {!r}
 N - 3 scrolls of noise {!r}
Potions
 h - 22 potions of curing {@q1}
 i - a potion of resistance
 j - 5 potions of lignification {!q}
 k - 7 potions of cancellation
 m - 3 potions of might
 p - 7 potions of flight
 q - 13 potions of heal wounds {@q2}
 s - 4 potions of invisibility
 A - 8 potions of haste {@q3}
 M - 20 potions of mutation {!q}
Miscellaneous
 P - a condenser vane
   (You found it on level 3 of the Crypt)
 S - a tin of tremorstones (2/2)
   (You found it on level 3 of the Elven Halls)
 U - the horn of Geryon
   (You took it off Geryon in the Vestibule of Hell)


   Skills:
 + Level 22.5 Fighting
 + Level 23.0(23.4) Axes
 - Level 8.9(17.5) Polearms
 - Level 11.3(13.8) Slings
 - Level 16.0 Crossbows
 - Level 12.5(13.8) Throwing
 - Level 15.2 Armour
 + Level 21.9 Dodging
 + Level 18.9 Stealth
 - Level 25.0 Shields
 + Level 18.2 Evocations


You had 26 spell levels left.
You didn't know any spells.
Your spell library was empty.

Dungeon Overview and Level Annotations

Branches:
Dungeon (15/15)            Temple (1/1) D:4            Lair (6/6) D:8
  Swamp (4/4) Lair:2       Spider (4/4) Lair:4        Slime (0/5) Lair:5
    Orc (2/2) D:9             Elf (3/3) Orc:2        Vaults (5/5) D:13
  Crypt (3/3) Vaults:3       Tomb (1/3) Crypt:3      Depths (5/5) D:15
   Hell (visited)             Dis (0/7) Hell            Geh (0/7) Hell
    Coc (0/7) Hell            Tar (0/7) Hell            Zot (5/5) Depths:5
  Sewer (visited)          WizLab (visited)

Altars:
Ashenzari
Cheibriados
Dithmenos
Elyvilon
Fedhas
Gozag
Hepliaklqana
Kikubaaqudgha
Makhleb
Nemelex Xobeh
Okawaru
Qazlal
Ru
Sif Muna
Trog
Uskayaw
Vehumet
Wu Jian
Xom
Yredelemnul
Zin
The Shining One
Beogh
Jiyva

Shops:
D:4 (=*   Orc:2 =:(=   Elf:1 ::   Elf:2 ?   Elf:3 (!   Vaults:2 :   Depths:1 ?
Depths:2 =   Depths:3 (   Depths:5 :(

Portals:
Hell: Depths:1 Depths:2 Depths:3 Depths:4 Depths:5
Abyss: D:10 Depths:1 Depths:2 Depths:4
Pandemonium: Depths:3
Ziggurat: Depths:3

Annotations:
Swamp:3 Roxanne


Innate Abilities, Weirdness & Mutations

You have a pair of horns on your head.
You reflexively headbutt those who attack you in melee.
You have sharp fingernails.
You have very sharp teeth.
You have razor-sharp toenails.
Your body sometimes deteriorates upon taking damage.
You are dopey. (Int -2)
You are very frail. (-20% HP)
Your system is resistant to poisons. (rPois)
You are weak. (Str -2)


Message History

There is a stone staircase leading up here.
The cacodemon gestures at you.
You feel yourself slow down.
You climb upwards.
A shadow demon comes into view.
There is a stone staircase leading down here.
The shadow demon moves out of view.
An orange demon comes into view.
The orange demon moves out of view.
The shadow demon gestures.
The shadow demon gestures.
The goblin dissolves into shadows!
Why would you want to do that?
You're wearing all the rings you can.
Remove which one? (? for menu, Esc to cancel) < or
K - a +4 ring of slaying > or
B - the ring of the Three Persimmons {rPois Str+3 Slay+4} You remove your +4 ring of slaying.
The kobold barely misses you. You furiously retaliate!
You headbutt the kobold!!
You kill the kobold!
The kobold's corpse dissolves into shadows!
You fly up into the air.
c - the ring of Contentment (left claw) {Fly SInv} The shadow demon gestures.
You block the bat's attack. The ball python completely misses you.
You block the ball python's attack.
You slash the bat! You freeze the bat.
You kill the bat!
The bat's corpse dissolves into shadows!
You slash the ball python! You freeze the ball python.
You kill the ball python!
The ball python's corpse dissolves into shadows!
The bat hits you but does no damage.
You block the bat's attack. x2; You block the orange demon's attack.
You block the bat's attack.
A sun demon comes into view.
The bat closely misses you. You block the bat's attack.
The shadow demon gestures.
You block the bat's attack. You block the sun demon's attack. x2
The bat closely misses you.
You block the bat's attack. x2; The sun demon barely misses you.
The sun demon hits you!!
You are engulfed in flames.
You resist.
You block the bat's attack. x2; The bat completely misses you.
You block the bat's attack. The sun demon hits you.
You are engulfed in flames.
You resist. The bat hits you but does no damage. You block the bat's attack.
The sun demon hits you!
You are engulfed in flames.
You resist.
There is a staircase leading out of the dungeon, spattered with blood here.
You block the bat's attack. x2; The sun demon barely misses you.
You have escaped!

#.#.## #####.###### #.# #.#
.###.# #..........# #.###.#
#.#.## #.###.####.# #.##..#
##.## #.#######..# #.##..#
##.# #.#≈≈≈≈≈...# #.##..###
##.# #.≈≈≈≈≈....# #.#.....#
##.######.≈≈≈≈≈....#
#)#.....#
..........≈≈≈≈≈....#
#........
.#..#####2≈≈..≈3@..#
##......#
.#..#####4≈≈≈..bb..#
#......#
.#.......J≈≈≈......#
#.#.####
.##.#####g≈≈≈≈....)#
#####.#.#
....#####.#≈≈≈..≈≈##
#.......#
.##.......#≈≈≈≈≈≈≈#
#.###.###
......###.############.###.#
....2.###.# #..............#
..>...{{..# ################


You could see a sun demon, a shadow demon, an orange demon, an endoplasm
(summoned), a goblin (summoned) and 2 bats.

Vanquished Creatures
  A pandemonium lord (Depths:5)
  A dread lich (Zot:5)
  Khufu (Crypt:2)
  5 orbs of fire (Zot:5)
  Mara (Elf:3)
  3 ancient liches
  Mennas (Crypt:3)
  2 juggernauts
  2 royal mummies (Crypt:2)
  Boris (twice) (Crypt:1 Crypt:2)
  Saint Roka (Crypt:3)
  The ghost of Rec Ufue the Slayer, a veteran MiGl of Okawaru (Elf:3)
  2 curse toes
  the Lernaean hydra (Swamp:3)
  3 Killer Klowns (Zot:5)
  8 caustic shrikes
  Geryon (Hell)
  9 golden dragons
  Nikola (Spider:2)
  Jory (Vaults:4)
  3 electric golems
  An Ice Fiend (Zot:5)
  A shard shrike skeleton (Crypt:3)
  21 tentacled monstrosities
  29 Orb Guardians
  A moon troll (WizLab)
  4 quicksilver dragons
  11 liches
  The ghost of mathmaestro the Brawler, an adept TrMo of Jiyva (Swamp:3)
  5 titans
  A deep elf master archer (Elf:3)
  5 acid blobs (Zot:3)
  2 deep elf blademasters
  An Executioner (Depths:4)
  Frances (D:13)
  15 sphinxes
  Murray (Depths:1)
  2 ancient champions (Crypt:1)
  A sphinx (shapeshifter) (Vaults:5)
  8 tentacled starspawn (WizLab)
  10 death cobs
  10 shadow dragons
  11 tengu reavers
  2 draconian monks
  16 storm dragons
  4 draconian knights
  A fenstrider witch (Swamp:2)
  2 fire giants
  8 deep elf sorcerers
  An azure jelly (shapeshifter) (Vaults:5)
  An orc warlord (Vaults:4)
  8 ghost moths
  9 frost giants
  15 vault wardens
  2 draconian shifters
  3 cacodemons
  7 draconian annihilators
  6 deep elf elementalists
  2 balrugs
  5 iron dragons
  6 emperor scorpions
  2 curse skulls
  2 draconian scorchers (Zot:3)
  2 ghouls
  2 draconian stormcallers (Zot:2)
  A caustic shrike zombie (Hell)
  54 very ugly things
  12 reapers
  25 ironbound preservers
  11 war gargoyles
  19 stone giants
  3 green draconians
  A juggernaut skeleton (Crypt:3)
  A spriggan defender (Depths:5)
  7 white draconians
  2 vampire knights
  7 black draconians
  19 yellow draconians
  3 deep elf demonologists
  10 red draconians
  9 entropy weavers
  10 deep elf annihilators
  4 dire elephants
  12 spark wasps
  12 purple draconians
  6 bunyips
  3 blizzard demons
  Snorg (D:9)
  2 crystal guardians
  8 eleionomae
  8 ettins
  4 deep elf death magi
  14 fire dragons
  A mummy priest (Crypt:3)
  3 deep elf high priests (Elf:3)
  3 eidola
  A quicksilver dragon zombie (Crypt:1)
  17 great orbs of eyes
  Harold (Lair:1)
  A kraken zombie (Hell)
  35 vault guards
  7 jiangshi
  20 ice dragons
  9 boulder beetles
  13 yaktaur captains
  8 spriggan air magi
  11 ironbound thunderhulks
  7 rakshasas
  2 hell beasts (Depths:1)
  27 hydras
  5 peacekeepers
  3 ghost crabs
  11 centaur warriors
  15 death yaks
  6 ironbound frosthearts
  8 deep troll shamans
  4 ogre magi (Orc:2)
  A merfolk avatar (Lair:6)
  33 dancing weapons
  A tengu warrior (Depths:4)
  2 naga sharpshooters (Depths:5)
  The ghost of lessens the Impaler, a novice MfWn (D:9)
  2 death knights (Crypt:1)
  6 hell hogs
  20 two-headed ogres
  10 vampire magi
  9 alligators
  4 deep troll earth magi
  Urug (Lair:1)
  4 ironbound beastmasters
  The ghost of GameKiller the Grappler, a novice TrMo of Makhleb (D:10)
  2 titan zombies (Hell)
  A storm dragon zombie (Hell)
  6 spriggan berserkers
  A death yak (shapeshifter) (Vaults:5)
  25 hell knights
  9 soul eaters
  15 sun demons
  A spatial maelstrom (Abyss:2)
  A wretched star (WizLab)
  A shadow wraith (Crypt:3)
  18 skeletal warriors
  An anaconda zombie (Hell)
  6 iron trolls
  16 deep elf knights
  2 sea snakes (Lair:6)
  A spark wasp zombie (Hell)
  An orange crystal statue (WizLab)
  3 sixfirhies
  6 spriggan druids
  A golden dragon zombie (Crypt:2)
  An infernal demonspawn (D:15)
  9 glowing orange brains
  4 bog bodies
  9 flayed ghosts
  71 deep trolls
  A goliath frog (Swamp:2)
  A glowing orange brain (shapeshifter) (Depths:2)
  14 deep elf archers
  A shadow dragon zombie (Crypt:1)
  A shadow demon (Depths:2)
  16 phantasmal warriors
  12 wizards
  A lindwurm (shapeshifter) (Vaults:5)
  8 swamp dragons (Swamp:4)
  19 ironbound convokers
  2 tengu zombies (Hell)
  An anaconda skeleton (Crypt:3)
  6 orc knights
  9 harpies
  28 deep elf zephyrmancers
  19 starcursed masses (WizLab)
  9 necromancers
  36 deep elf pyromancers
  6 lindwurms
  6 manticores
  3 frost giant zombies (Hell)
  30 wolf spiders
  18 orb spiders
  2 fire giant zombies (Hell)
  A stone giant zombie (Hell)
  A sphinx skeleton (Crypt:2)
  5 orc sorcerers
  70 ugly things
  An oklob plant (Zot:3)
  3 cyclopes
  3 large abominations (Abyss:2)
  2 will-o-the-wisps
  20 moths of wrath
  A manticore (shapeshifter) (Depths:4)
  An elephant (Lair:6)
  An elf skeleton (Crypt:1)
  2 ice statues (Hell)
  4 eyes of devastation (WizLab)
  A titan simulacrum (Hell)
  5 black mambas
  4 spriggan zombies (Hell)
  3 spriggan skeletons
  4 molten gargoyles (Hell)
  2 guardian serpents (shapeshifter)
  A guardian serpent (Abyss:2)
  2 rust devils
  A stone giant skeleton (Crypt:1)
  3 torpor snails
  A naga mage (D:15)
  13 vault sentinels
  12 smoke demons
  5 gargoyles
  7 rime drakes
  18 cane toads
  An elephant slug zombie (Crypt:1)
  A hellion (Depths:5)
  4 kobold demonologists
  24 yaktaurs
  4 human skeletons
  2 sea snake zombies
  6 freezing wraiths
  A yaktaur skeleton (Vaults:3)
  4 tengu conjurers
  3 hydra zombies (Hell)
  16 demonic crawlers
  A tormentor (Depths:1)
  12 komodo dragons
  3 ancient zymes (Abyss:2)
  5 trolls
  A sea snake skeleton (Hell)
  A harpy zombie (Hell)
  35 jumping spiders
  A queen bee (Spider:3)
  6 guardian mummies
  4 polar bears
  A bloated husk (Swamp:4)
  2 wind drakes (Lair:6)
  6 red devils
  3 meliai (Spider:3)
  A hornet (shapeshifter) (Elf:2)
  A polar bear (shapeshifter) (Vaults:5)
  10 tyrant leeches
  21 hornets
  A raiju (Abyss:2)
  2 snapping turtles (shapeshifter)
  A satyr zombie (Crypt:1)
  3 harpy skeletons (Crypt:3)
  2 snapping turtles (Lair:6)
  22 slime creatures
  A slime creature (shapeshifter) (Vaults:5)
  13 dream sheep
  8 blink frogs
  A dream sheep (shapeshifter) (Depths:4)
  An alligator zombie (Hell)
  15 spriggans
  3 air elementals (Elf:3)
  2 shadows (Crypt:3)
  4 flying skulls (Crypt:1)
  72 redbacks
  A spriggan (shapeshifter) (D:9)
  44 tarantellas
  2 ettin zombies
  A redback (shapeshifter) (Depths:4)
  A wyvern (shapeshifter) (Depths:3)
  An ettin skeleton (Crypt:3)
  11 humans (D:13)
  4 wyverns
  A hog (shapeshifter) (D:9)
  14 wraiths
  2 fire elementals (Elf:3)
  3 basilisks
  4 water elementals (Elf:1)
  A dire elephant simulacrum (Crypt:1)
  A chaos spawn (Depths:4)
  51 yaks
  17 vampire mosquitoes
  A warg (Crypt:3)
  4 spatial vortices (Abyss:2)
  A steam dragon (Lair:6)
  4 neqoxecs
  A sea snake simulacrum (Hell)
  A yaktaur simulacrum (Vaults:1)
  A human zombie (Hell)
  19 swamp worms
  An acid dragon (D:12)
  3 hell hounds (D:5)
  15 water moccasins
  A two-headed ogre skeleton (Crypt:1)
  3 floating eyes
  15 orc warriors
  A necrophage (D:5)
  Purgy (D:4)
  6 swamp drakes (Swamp:4)
  5 black bears
  3 sky beasts
  An ice beast (D:4)
  20 wolves
  A tengu (shapeshifter) (Depths:5)
  The ghost of noodleboyJ the Skirmisher, an amateur DsAK of Lugonu (D:3)
  28 ogres
  14 centaurs
  3 phantoms
  12 kobold brigands
  A yaktaur zombie (Crypt:1)
  Blork the orc (D:6)
  A draconian zombie (Crypt:2)
  3 earth elementals
  16 bullfrogs
  A gnoll sergeant (D:8)
  An ogre simulacrum (Vaults:1)
  3 scorpions
  A naga simulacrum (Hell)
  4 small abominations
  2 wyvern skeletons (D:5)
  A glowing shapeshifter simulacrum (Vaults:3)
  19 killer bees
  A raiju skeleton (Crypt:2)
  6 wights
  6 electric eels
  A howler monkey (D:10)
  A bullfrog zombie (D:5)
  A basilisk zombie (Crypt:2)
  5 centaur zombies
  13 orc priests
  A hound (D:3)
  24 jellies
  A centaur skeleton (D:5)
  A scorpion zombie (D:5)
  Ijyb (D:3)
  3 iguanas
  16 orc wizards
  A killer bee zombie (D:5)
  A demigod zombie (Crypt:1)
  A hound zombie (D:4)
  A dwarf skeleton (Crypt:2)
  6 hound skeletons
  11 mummies
  A howler monkey zombie (D:7)
  4 gnolls
  A river rat (shapeshifter) (D:9)
  9 adders
  3 river rats (Sewer)
  2 shadow imps
  A white imp (D:3)
  2 adder zombies (D:4)
  An iguana skeleton (Crypt:1)
  6 worms
  An adder skeleton (D:4)
  3 dart slugs
  An orc (shapeshifter) (D:9)
  67 orcs
  13 ball pythons
  12 endoplasms
  6 giant cockroaches
  9 goblins
  9 hobgoblins
  4 jackals (D:1)
  4 quokkas
  7 bats
  7 frilled lizards
  33 kobolds
  8 rats
  A lurking horror (Abyss:2)
  A plant (Lair:3)
  24 starspawn tentacles (WizLab)
  A tentacle (Hell)
2589 creatures vanquished.

Vanquished Creatures (collateral kills)
  The ghost of Gerad the Fencer, a veteran VSAK of Lugonu (Elf:3)
  The ghost of Gerad the Fencer, a veteran VSAK of Lugonu (Elf:3)
  Asterion (Elf:2)
  The ghost of frimble the Prestidigitator, an adept GnAr of Cheibriados (Elf:3)
  A dancing weapon (Elf:2)
  A deep elf pyromancer (Elf:2)
  A demonic crawler (Spider:4)
  4 hornets (Spider:4)
11 creatures vanquished.

Vanquished Creatures (others)
  A quicksilver dragon (Zot:2)
  A draconian monk (Zot:2)
  A draconian scorcher (Zot:2)
  A draconian stormcaller (Zot:2)
  A white draconian (Zot:3)
  A blizzard demon (Hell)
  2 hell hogs
  A deep elf knight (Elf:1)
  2 orb spiders (Spider:2)
  A deep elf zephyrmancer (Elf:1)
  2 wolf spiders
  A smoke demon (Hell)
  A jumping spider (Spider:2)
  A spriggan (Swamp:1)
  3 demonic plants (WizLab)
  10 foxfires
  83 fungi
  142 plants
  17 starspawn tentacles (WizLab)
  3 tentacles (Hell)
  12 withered plants
287 creatures vanquished.

Grand Total: 2887 creatures vanquished

Notes
Turn   | Place    | Note
-------+----------+-------------------------------------------
     0 | D:1      | Pooter the Minotaur Berserker began the quest for the Orb.
     0 | D:1      | Reached XP level 1. HP: 19/19 MP: 0/0
    31 | D:1      | Reached XP level 2. HP: 27/27 MP: 1/1
   278 | D:1      | Reached XP level 3. HP: 19/33 MP: 2/2
   291 | D:1      | Reached ** piety under Trog
   733 | D:1      | Reached skill level 5 in Axes
  1170 | D:2      | Reached XP level 4. HP: 41/41 MP: 3/3
  2321 | D:3      | Reached *** piety under Trog
  2329 | D:3      | Noticed a phantom
  2336 | D:3      | Killed a phantom
  2337 | D:3      | Reached skill level 5 in Fighting
  2337 | D:3      | Reached XP level 5. HP: 48/48 MP: 4/4
  2347 | D:3      | Found a faded altar of an unknown god.
  2430 | D:3      | Noticed Ijyb
  2433 | D:3      | Paralysed by Ijyb for 2 turns
  2438 | D:3      | Killed Ijyb
  2590 | D:3      | Found a glowing drain.
  2599 | Sewer    | Entered a sewer
  3034 | Sewer    | Reached XP level 6. HP: 53/56 MP: 5/5
  3394 | D:3      | Found a runed translucent gate.
  3395 | D:3      | Found a runed translucent gate.
  3395 | D:3      | Found an opulent altar of Gozag.
  3396 | D:3      | Found a runed translucent gate.
  3398 | D:3      | Noticed a sky beast
  3399 | D:3      | Noticed noodleboyJ's ghost (amateur DsAK)
  3417 | D:3      | Killed a sky beast
  3418 | D:3      | Reached XP level 7. HP: 64/64 MP: 6/6
  3422 | D:3      | Killed noodleboyJ's ghost
  4588 | D:4      | Reached **** piety under Trog
  4616 | D:4      | Noticed Purgy
  4623 | D:4      | Killed Purgy
  4624 | D:4      | Reached XP level 8. HP: 73/73 MP: 7/7
  4625 | D:4      | Found Deoga's Antique Weapon Shoppe.
  4639 | D:4      | Reached skill level 10 in Axes
  4978 | D:4      | Found Jite's General Store.
  5067 | D:4      | Found an ornate altar of the Wu Jian Council.
  5135 | D:4      | Found a staircase to the Ecumenical Temple.
  5424 | D:4      | Found Zisiocau's Jewellery Emporium.
  5548 | D:4      | Bought the +0 pair of boots of Sorcery {+Inv rC- Str+6} for
                  | 289 gold pieces
  5639 | D:5      | Entered Level 5 of the Dungeon
  5884 | D:5      | Reached skill level 1 in Evocations
  6211 | D:5      | Found a blossoming altar of Fedhas.
  6238 | D:5      | Found a glowing golden altar of the Shining One.
  6276 | D:5      | Found a white marble altar of Elyvilon.
  6430 | D:5      | Reached XP level 9. HP: 82/82 MP: 8/8
  7321 | D:6      | Noticed Blork the orc
  7330 | D:6      | Killed Blork the orc
  8231 | D:7      | Identified 3 scrolls of acquirement
  8231 | D:7      | Acquired the amulet of Vitality {Regen+ HP+15}
  8231 | D:7      | Found the amulet of Vitality {Regen+ HP+15}
  8250 | D:7      | Acquired 894 gold pieces
  8252 | D:7      | Acquired 1123 gold pieces
  8363 | D:4      | Bought the ring of the Three Persimmons {rPois Str+3
                  | Slay+4} for 1050 gold pieces
  8364 | D:4      | Bought a +4 ring of slaying for 858 gold pieces
  8584 | D:7      | Noticed a two-headed ogre
  8590 | D:7      | Killed a two-headed ogre
  9012 | D:8      | Reached skill level 1 in Shields
  9012 | D:8      | Reached XP level 10. HP: 93/93 MP: 9/9
  9015 | D:8      | Reached skill level 10 in Fighting
  9239 | D:8      | Noticed a two-headed ogre
  9243 | D:8      | Killed a two-headed ogre
  9244 | D:8      | Reached skill level 2 in Shields
  9244 | D:8      | Reached skill level 5 in Evocations
  9251 | D:8      | Noticed a brown ugly thing
  9259 | D:8      | Killed a brown ugly thing
  9260 | D:8      | Reached skill level 3 in Shields
  9418 | D:8      | Found a staircase to the Lair.
  9531 | D:8      | Reached skill level 4 in Shields
  9887 | D:8      | Noticed a two-headed ogre
  9891 | D:8      | Killed a two-headed ogre
 10110 | D:9      | Found a runed translucent gate.
 10110 | D:9      | Found a runed translucent gate.
 10110 | D:9      | Found a runed translucent gate.
 10111 | D:9      | Noticed a green ugly thing
 10111 | D:9      | Noticed a white ugly thing
 10112 | D:9      | Noticed a red ugly thing
 10157 | D:9      | Reached XP level 11. HP: 101/101 MP: 10/10
 10222 | D:9      | Found a staircase to the Orcish Mines.
 10258 | Orc:1    | Entered Level 1 of the Orcish Mines
 10267 | Orc:1    | Noticed Snorg
 10387 | D:9      | Killed Snorg
 10388 | D:9      | Reached skill level 5 in Shields
 10664 | Orc:2    | Entered Level 2 of the Orcish Mines
 10806 | Orc:2    | Noticed a two-headed ogre
 10806 | Orc:2    | Noticed a two-headed ogre
 10849 | Orc:2    | Killed a two-headed ogre
 10949 | Orc:2    | Found a staircase to the Elven Halls.
 11038 | Orc:2    | Noticed an ogre mage
 11046 | Orc:2    | Killed an ogre mage
 11049 | Orc:2    | Killed a two-headed ogre
 11050 | Orc:2    | Reached skill level 15 in Axes
 11050 | Orc:2    | Reached skill level 6 in Shields
 11073 | Orc:2    | Noticed an ogre mage
 11082 | Orc:2    | Paralysed by something for 4 turns
 11089 | Orc:2    | Killed an ogre mage
 11117 | Orc:2    | Noticed a two-headed ogre
 11628 | D:9      | Identified the +1 chain mail "Lahus" {Will+ Int+4}
 11726 | D:9      | Noticed a glowing orange brain
 11728 | D:9      | Noticed a white ugly thing
 11730 | D:9      | Noticed a white ugly thing
 11733 | D:9      | Noticed a white very ugly thing
 11744 | D:10     | Entered Level 10 of the Dungeon
 11790 | D:10     | Found an ancient bone altar of Kikubaaqudgha.
 11806 | D:10     | Found a broken altar of Ashenzari.
 11838 | D:10     | Noticed a harpy
 11840 | D:10     | Killed a harpy
 11902 | D:10     | Reached skill level 7 in Shields
 11929 | D:10     | Found a shimmering altar of Xom.
 12085 | D:10     | Found a one-way gate to the infinite horrors of the Abyss.
 12085 | D:10     | Noticed GameKiller's ghost (novice TrMo)
 12093 | D:10     | Found a transporter.
 12104 | D:10     | Noticed a soul eater
 12160 | D:10     | Noticed a purple ugly thing
 12160 | D:10     | Noticed a hell hog
 12221 | D:10     | Found a transporter.
 12351 | Lair:1   | Entered Level 1 of the Lair of Beasts
 12356 | Lair:1   | Reached XP level 12. HP: 112/112 MP: 11/11
 12361 | Lair:1   | Reached skill level 1 in Slings
 12385 | Lair:1   | Reached ***** piety under Trog
 12415 | Lair:1   | Upgraded the game from 0.28-a0-384-g9e0c098162 to
                  | 0.28-a0-390-gb254ac4902
 12428 | Lair:1   | Noticed Harold
 12437 | Lair:1   | Killed Harold
 12581 | Lair:1   | Noticed Urug
 12594 | Lair:1   | Killed Urug
 12595 | Lair:1   | Reached skill level 8 in Shields
 13394 | Lair:2   | Found a staircase to the Swamp.
 13479 | Lair:2   | Reached skill level 1 in Stealth
 13665 | D:4      | Bought a potion of attraction for 36 gold pieces
 13665 | D:4      | Bought a scroll of enchant armour for 90 gold pieces
 13665 | D:4      | Bought a scroll of immolation for 42 gold pieces
 13894 | Lair:2   | Noticed a boulder beetle
 13904 | Lair:2   | Killed a boulder beetle
 14029 | Lair:2   | Noticed a boulder beetle
 14039 | Lair:2   | Killed a boulder beetle
 14065 | Lair:2   | Noticed an eight-headed hydra
 14069 | Lair:2   | Killed an eight-headed hydra
 14736 | Lair:3   | Noticed a death yak
 14736 | Lair:3   | Noticed a death yak
 14736 | Lair:3   | Noticed a death yak
 14736 | Lair:3   | Noticed a death yak
 14736 | Lair:3   | Noticed a death yak
 14736 | Lair:3   | Noticed a death yak
 14742 | Lair:2   | Killed a death yak
 14743 | Lair:2   | Reached XP level 13. HP: 119/119 MP: 12/12
 15028 | Lair:3   | Reached skill level 5 in Slings
 15038 | Lair:3   | Reached skill level 5 in Armour
 15039 | Lair:3   | Received a gift from Trog
 15151 | Lair:3   | Reached skill level 5 in Dodging
 16431 | Lair:4   | Found a hole to the Spider Nest.
 16901 | Lair:5   | Reached XP level 14. HP: 130/130 MP: 13/13
 16986 | Lair:5   | Found a viscous altar of Jiyva.
 16987 | Lair:5   | Found a staircase to the Slime Pits.
 17404 | Lair:6   | Entered Level 6 of the Lair of Beasts
 17568 | Lair:6   | Reached skill level 5 in Stealth
 18417 | Lair:6   | Found the ring of the Tortoise {AC+8}
 18439 | Lair:6   | Identified the +2 trident "Hyc Ena" {vorpal, rCorr}
 19735 | D:12     | Reached XP level 15. HP: 139/139 MP: 14/14
 20037 | D:12     | Reached skill level 9 in Shields
 20327 | D:13     | Noticed Frances
 20336 | D:13     | Killed Frances
 20336 | D:13     | Received a gift from Trog
 20374 | D:13     | You fall into a shaft and drop 2 floors!
 20374 | D:15     | Entered Level 15 of the Dungeon
 21535 | D:13     | Reached skill level 10 in Shields
 21562 | D:13     | Identified the +11 great sword of Disintegration
                  | {antimagic, Contam rF+ Str+7 SInv}
 21568 | D:13     | Found a gate to the Vaults.
 21953 | D:15     | Found a staircase to the Depths.
 22711 | Orc:2    | Paralysed by an ogre mage for 6 turns
 22764 | Orc:2    | Reached skill level 15 in Fighting
 22769 | Orc:2    | Reached skill level 1 in Throwing
 22922 | Orc:2    | Received a gift from Trog
 22986 | Orc:2    | Reached skill level 11 in Shields
 23194 | Orc:2    | Found Paiduivuti's Book Boutique.
 23194 | Orc:2    | Found Zidaoqeku's Jewellery Shoppe.
 23195 | Orc:2    | Found Locloar's Jewellery Emporium.
 23195 | Orc:2    | Found Cautith's Weapon Boutique.
 23207 | Orc:2    | Bought the amulet of the Elephant {Reflect SH+5 Stlth+} for
                  | 636 gold pieces
 23219 | Orc:2    | Bought a ring of see invisible for 225 gold pieces
 23754 | Orc:1    | Reached XP level 16. HP: 106/146 MP: 15/15
 24228 | Orc:1    | Found a shimmering blue altar of Sif Muna.
 24786 | D:9      | Reached skill level 10 in Armour
 24843 | D:9      | Found a runed translucent gate.
 24843 | D:9      | Found a runed translucent gate.
 24849 | D:9      | Found a runed translucent gate.
 24849 | D:9      | Noticed lessens's ghost (novice MfWn)
 24858 | D:9      | Killed lessens's ghost
 25683 | D:10     | Killed GameKiller's ghost
 26272 | Spider:1 | Entered Level 1 of the Spider Nest
 26542 | Spider:1 | Reached skill level 12 in Shields
 26801 | Spider:1 | Reached skill level 10 in Slings
 27779 | Spider:2 | Reached skill level 10 in Dodging
 27829 | Spider:2 | Noticed Nikola
 27870 | Spider:2 | Killed Nikola
 28268 | Spider:2 | Received a gift from Trog
 28269 | Spider:2 | Reached skill level 13 in Shields
 28769 | Spider:2 | Reached XP level 17. HP: 101/157 MP: 16/16
 29077 | Spider:3 | Reached skill level 1 in Polearms
 29675 | Spider:3 | Reached skill level 5 in Throwing
 30125 | Spider:4 | Entered Level 4 of the Spider Nest
 30164 | Spider:4 | Received a gift from Trog
 31428 | Spider:4 | Identified the +1 leather armour "Foutud" {MP+9}
 33397 | Spider:4 | Reached skill level 14 in Shields
 33516 | Spider:4 | Got a gossamer rune of Zot
 33864 | Swamp:1  | Entered Level 1 of the Swamp
 34249 | Swamp:1  | Noticed a tentacled monstrosity
 34264 | Swamp:1  | Killed a tentacled monstrosity
 34501 | Swamp:2  | Reached XP level 18. HP: 55/166 MP: 17/17
 34637 | Swamp:2  | Reached skill level 5 in Polearms
 34674 | Swamp:2  | Received a gift from Trog
 36023 | Swamp:2  | Paralysed by a fenstrider witch for 2 turns
 36030 | Swamp:2  | Reached skill level 1 in Crossbows
 36178 | Swamp:2  | Acquired a +0 cloak of willpower
 36180 | Swamp:2  | Acquired a manual of Fighting
 36373 | Swamp:2  | Gained mutation: You sometimes lose the ability to read
                  | scrolls when taking damage. [potion of mutation]
 36373 | Swamp:2  | Gained mutation: You are agile. (Dex +2) [potion of
                  | mutation]
 36374 | Swamp:2  | Lost mutation: You sometimes lose the ability to read
                  | scrolls when taking damage. [potion of mutation]
 36374 | Swamp:2  | Gained mutation: You have hidden genetic potential. [potion
                  | of mutation]
 36420 | Swamp:3  | Found a runed translucent door.
 36538 | Swamp:3  | Noticed Roxanne
 36656 | Swamp:3  | Noticed mathmaestro's ghost (adept TrMo)
 36657 | Swamp:3  | Identified the +9 spear of Excruciating Pain {flame, Str+9}
 36686 | Swamp:3  | Identified the +0 robe "Noemadug" {Str+2 Int+4 Dex+3
                  | Slay+2}
 36961 | Swamp:4  | Entered Level 4 of the Swamp
 36985 | Swamp:4  | Reached skill level 5 in Crossbows
 37292 | Swamp:4  | Noticed the 27-headed Lernaean hydra
 37322 | Swamp:3  | Killed the 27-headed Lernaean hydra
 37661 | Swamp:4  | Reached skill level 10 in Crossbows
 37679 | Swamp:4  | Reached skill level 10 in Evocations
 37768 | Swamp:4  | Got a decaying rune of Zot
 38196 | Vaults:1 | Entered Level 1 of the Vaults
 38212 | Vaults:1 | Received a gift from Trog
 38707 | Vaults:1 | Reached skill level 15 in Shields
 38851 | Vaults:1 | Reached XP level 19. HP: 174/174 MP: 18/18
 38926 | Vaults:1 | Gained mutation: Your mind is acute. (Int +2) [hidden
                  | potential]
 39695 | Vaults:1 | Received a gift from Trog
 39812 | Vaults:2 | Reached skill level 16 in Shields
 41067 | Vaults:2 | Found Jozoh's Book Shop.
 41255 | Vaults:2 | Received a gift from Trog
 41490 | Vaults:3 | Found a staircase to the Crypt.
 41490 | Vaults:3 | Found an ancient bone altar of Kikubaaqudgha.
 41491 | Vaults:3 | Found a basalt altar of Yredelemnul.
 41546 | Vaults:3 | Found a magical portal.
 41555 | WizLab   | Entered Lehudib's Moon Base
 41572 | WizLab   | Reached XP level 20. HP: 135/189 MP: 19/19
 41867 | WizLab   | Gained mutation: You have very sharp teeth. [hidden
                  | potential]
 41867 | WizLab   | Lost mutation: You have hidden genetic potential. [hidden
                  | potential expressed]
 42279 | WizLab   | Identified the +1 hat "Inkeatz" {rF+ rN+ Str-3}
 42352 | WizLab   | Reached skill level 17 in Shields
 42389 | WizLab   | Found a transporter.
 42701 | WizLab   | Gained mutation: You are weak. (Str -2) [a neqoxec]
 42715 | WizLab   | Found a transporter.
 43523 | WizLab   | Identified the ring of Duynup {rC+ rCorr}
 43601 | Vaults:3 | Received a gift from Trog
 44497 | Vaults:3 | Received a gift from Trog
 44527 | Vaults:3 | Reached skill level 18 in Shields
 45570 | Vaults:4 | Reached XP level 21. HP: 146/200 MP: 20/20
 45785 | Vaults:4 | Received a gift from Trog
 46496 | Vaults:4 | Noticed Jory
 46507 | Vaults:4 | Killed Jory
 47602 | Depths:1 | Entered Level 1 of the Depths
 47792 | D:15     | Reached skill level 19 in Shields
 48341 | Depths:1 | Reached skill level 15 in Armour
 48341 | Depths:1 | Found a radiant altar of Vehumet.
 48892 | Depths:1 | Found a gateway to Hell.
 48928 | Hell     | Entered the Vestibule of Hell
 48928 | Hell     | Noticed Murray
 48928 | Hell     | Noticed Geryon
 48938 | Hell     | Reached skill level 10 in Stealth
 48949 | Depths:1 | Killed Murray
 50043 | Depths:1 | Found Puschoren's Magic Scroll Boutique.
 50661 | Depths:2 | Reached XP level 22. HP: 206/211 MP: 21/21
 51004 | Depths:2 | Found Duriezo's Jewellery Shop.
 52032 | Depths:2 | Reached skill level 20 in Shields
 52225 | Depths:2 | Noticed a caustic shrike
 52236 | Depths:2 | Killed a caustic shrike
 52448 | Depths:3 | Received a gift from Trog
 52553 | Depths:3 | Found a blossoming altar of Fedhas.
 52580 | Depths:3 | Reached skill level 15 in Dodging
 53039 | Depths:3 | Noticed a caustic shrike
 53039 | Depths:3 | Noticed a caustic shrike
 53040 | Depths:3 | Noticed a caustic shrike
 53041 | Depths:3 | Noticed a caustic shrike
 53044 | Depths:3 | Killed a caustic shrike
 53050 | Depths:3 | Killed a caustic shrike
 53063 | Depths:3 | Killed a caustic shrike
 53084 | Depths:3 | Noticed a caustic shrike
 53088 | Depths:3 | Killed a caustic shrike
 53091 | Depths:3 | Noticed a caustic shrike
 53100 | Depths:3 | Killed a caustic shrike
 53109 | Depths:3 | Killed a caustic shrike
 53110 | Depths:3 | Reached skill level 21 in Shields
 53385 | Depths:3 | Upgraded the game from 0.28-a0-390-gb254ac4902 to
                  | 0.28-a0-401-ge240ad9e29
 53873 | Depths:3 | Reached XP level 23. HP: 217/217 MP: 22/22
 55686 | Depths:1 | Bought a scroll of brand weapon for 400 gold pieces
 56374 | Depths:3 | Found a gateway to a ziggurat.
 56533 | Depths:3 | Found Gafrebih's Weapon Shoppe.
 56729 | Depths:3 | Found a one-way gate leading to the halls of Pandemonium.
 57232 | Depths:4 | Lost mutation: You are weak. (Str -2) [potion of mutation]
 57232 | Depths:4 | Lost mutation: You are agile. (Dex +2) [potion of mutation]
 57232 | Depths:4 | Gained mutation: You tend to lose your temper in combat.
                  | [potion of mutation]
 57232 | Depths:4 | Gained mutation: You are partially covered in iridescent
                  | scales. (AC +2) [potion of mutation]
 57233 | Depths:4 | Lost mutation: Your mind is acute. (Int +2) [potion of
                  | mutation]
 57233 | Depths:4 | Lost mutation: You are partially covered in iridescent
                  | scales. (AC +2) [potion of mutation]
 57233 | Depths:4 | Lost mutation: You tend to lose your temper in combat.
                  | [potion of mutation]
 57233 | Depths:4 | Gained mutation: You have sharp toenails. [potion of
                  | mutation]
 57233 | Depths:4 | Gained mutation: You have hidden genetic potential. [potion
                  | of mutation]
 57233 | Depths:4 | Gained mutation: Your system is resistant to poisons.
                  | (rPois) [potion of mutation]
 57314 | Depths:4 | Found a hide-covered altar of Uskayaw.
 58162 | Depths:4 | Reached skill level 22 in Shields
 58415 | Depths:4 | Noticed a juggernaut
 58434 | Depths:4 | Killed a juggernaut
 58611 | Depths:4 | Gained mutation: You are weak. (Str -2) [a shining eye]
 58805 | Depths:5 | Entered Level 5 of the Depths
 59085 | Depths:5 | Noticed a caustic shrike
 59095 | Depths:5 | Killed a caustic shrike
 60260 | Depths:5 | Found Luekh's Weapon Boutique.
 60429 | Depths:5 | Identified the ring of Nuegri {Drain +Blink rPois Int+4
                  | Dex+6}
 60714 | Depths:5 | Identified the ring of the Prince {rPois rF+ rN++}
 60728 | Depths:5 | Noticed an ancient lich
 60736 | Depths:5 | Killed an ancient lich
 60737 | Depths:5 | Reached XP level 24. HP: 215/226 MP: 22/22
 60905 | Depths:5 | Reached skill level 23 in Shields
 60936 | Depths:5 | Found a transporter.
 60937 | Depths:5 | Noticed a juggernaut
 61005 | Depths:5 | Found a transporter.
 61008 | Depths:5 | Found a gate to the Realm of Zot.
 61031 | Depths:5 | Killed a juggernaut
 61350 | Depths:5 | Found Fumyeh's Book Shop.
 61414 | Depths:5 | Identified the ring "Vota" {rPois rF+ Will+ rCorr Dex+4}
 62237 | Crypt:1  | Entered Level 1 of the Crypt
 62408 | Crypt:1  | Noticed Boris
 62419 | Crypt:1  | Killed Boris
 62438 | Crypt:1  | Gained mutation: You have sharp fingernails. [hidden
                  | potential]
 62979 | Crypt:1  | Identified the +6 dire flail "Goblinslayer" {drain, rElec
                  | rPois}
 63265 | Crypt:2  | Noticed Boris
 63280 | Crypt:2  | Killed Boris
 63476 | Crypt:2  | Noticed a royal mummy
 63479 | Crypt:2  | Noticed Khufu
 63521 | Crypt:2  | Killed a royal mummy
 64579 | Crypt:2  | Noticed a royal mummy
 64583 | Crypt:2  | Killed Khufu
 64786 | Crypt:2  | Killed a royal mummy
 65205 | Crypt:3  | Entered Level 3 of the Crypt
 65279 | Crypt:3  | Reached skill level 24 in Shields
 66001 | Crypt:3  | Found the +8 whip "Snakebite" {venom, curare, rPois}
 66054 | Crypt:3  | Found an ancient bone altar of Kikubaaqudgha.
 66244 | Crypt:3  | Identified the ring "Kittist" {Drain rN+ Dex+3 SInv}
 66244 | Crypt:3  | Identified the ring "Foceisu" {rC+ rN+}
 66244 | Crypt:3  | Identified the ring "Opoesih" {rElec rN+ Dex+5 Stlth-}
 66549 | Crypt:3  | Noticed Mennas
 66570 | Crypt:3  | Found a staircase to the Tomb.
 66784 | Crypt:3  | Killed Mennas
 66785 | Crypt:3  | Reached XP level 25. HP: 119/233 MP: 22/22
 67028 | Crypt:3  | Identified the +6 morningstar "Toriy" {pain, rPois rF+}
 67348 | Crypt:3  | Identified the +5 glaive of the Many Tales {freeze, rF-
                  | rC++ Str+6}
 67378 | Crypt:3  | Noticed Saint Roka
 67396 | Crypt:3  | Killed Saint Roka
 67435 | Crypt:3  | Acquired 901 gold pieces
 67437 | Crypt:3  | Acquired the +10 tower shield of Ignorance {rN+ Int-4}
 67437 | Crypt:3  | Found the +10 tower shield of Ignorance {rN+ Int-4}
 67449 | Crypt:3  | Acquired a +9 hand crossbow of freezing
 68586 | Tomb:1   | Entered Level 1 of the Tomb of the Ancients
 69421 | Elf:1    | Entered Level 1 of the Elven Halls
 69531 | Elf:1    | Found Hathrysau's One-of-a-Kind Books.
 70162 | Elf:1    | Found a runed translucent door.
 70165 | Elf:1    | Found a runed translucent door.
 70550 | Elf:1    | Found Qonoheeh's Book Emporium.
 71234 | Elf:2    | Gained mutation: You have razor-sharp toenails. [hidden
                  | potential]
 71234 | Elf:2    | Lost mutation: You have hidden genetic potential. [hidden
                  | potential expressed]
 71886 | Elf:2    | Received a gift from Trog
 71937 | Elf:2    | Reached skill level 25 in Shields
 72138 | Elf:2    | Found a runed translucent gate.
 72138 | Elf:2    | Found a runed translucent gate.
 72151 | Elf:2    | Found a runed translucent gate.
 72205 | Elf:2    | Found Mazoem's Magic Scroll Boutique.
 72220 | Elf:2    | Bought a scroll of magic mapping for 73 gold pieces
 72220 | Elf:2    | Bought a scroll of enchant armour for 157 gold pieces
 72466 | Elf:2    | Noticed Asterion
 72481 | Elf:2    | Killed Asterion
 73133 | Elf:3    | Entered Level 3 of the Elven Halls
 73159 | Elf:3    | Received a gift from Trog
 73275 | Elf:3    | Paralysed by an air elemental for 1 turns
 73440 | Elf:3    | Paralysed by an air elemental for 1 turns
 73830 | Elf:3    | Identified the ring of Contentment {Fly SInv}
 74402 | Elf:3    | Found the +2 hood of the Assassin {Detection Stab+ Stlth++}
 74406 | Elf:3    | Found the +13 scythe of Curses {drain, Drain}
 74413 | Elf:3    | Identified the +9 rapier "Ynelaf" {freeze, rN+ Str+4
                  | Stlth+}
 74730 | Elf:3    | Found Sobbasty's Distillery.
 74730 | Elf:3    | Found Noubroe's Weapon Boutique.
 74751 | Elf:3    | Bought a potion of mutation for 104 gold pieces
 74751 | Elf:3    | Bought a potion of curing for 39 gold pieces
 74751 | Elf:3    | Bought a potion of might for 52 gold pieces
 74751 | Elf:3    | Bought a potion of cancellation for 104 gold pieces
 74751 | Elf:3    | Bought a potion of heal wounds for 65 gold pieces
 74751 | Elf:3    | Bought a potion of curing for 39 gold pieces
 74781 | Elf:3    | Noticed Mara
 74789 | Elf:3    | Received a gift from Trog
 74806 | Elf:3    | Noticed Pooter's illusion
 74807 | Elf:3    | Killed Mara
 75045 | Elf:3    | Found a runed translucent gate.
 75045 | Elf:3    | Found a runed translucent gate.
 75045 | Elf:3    | Found a runed translucent gate.
 75046 | Elf:3    | Noticed frimble's ghost (adept GnAr)
 75047 | Elf:3    | Noticed Gerad's ghost (veteran VSAK)
 75047 | Elf:3    | Noticed Rec Ufue's ghost (veteran MiGl)
 75047 | Elf:3    | Noticed Gerad's ghost (veteran VSAK)
 75072 | Elf:3    | Killed Rec Ufue's ghost
 75073 | Elf:3    | Reached XP level 26. HP: 242/242 MP: 7/22
 75073 | Elf:3    | Killed frimble's ghost
 75078 | Elf:3    | Killed Gerad's ghost
 75079 | Elf:3    | Reached skill level 10 in Throwing
 75087 | Elf:3    | Killed Gerad's ghost
 75192 | Elf:3    | Identified the +7 war axe of the Lusting Goat {drain,
                  | rElec}
 78579 | Temple   | Entered the Ecumenical Temple
 80073 | Vaults:5 | Entered Level 5 of the Vaults
 80113 | Vaults:5 | Reached skill level 15 in Stealth
 80142 | Vaults:5 | Noticed an ancient lich
 80153 | Vaults:5 | Killed an ancient lich
 80377 | Vaults:5 | Cast into level 2 of the Abyss (a deep elf demonologist)
 80916 | Abyss:2  | Found a corrupted altar of Lugonu.
 81016 | Vaults:5 | Escaped the Abyss
 81030 | Vaults:5 | Received a gift from Trog
 81096 | Vaults:5 | Identified the +7 quarterstaff of Mordant Action {drain,
                  | rN+ Dex+4}
 81225 | Vaults:5 | Reached skill level 15 in Evocations
 81273 | Vaults:5 | Reached XP level 27. HP: 248/248 MP: 22/22
 81276 | Vaults:5 | Identified the +1 hand axe "Fethesos" {vorpal, rF- Int+10}
 81660 | Vaults:5 | Got a silver rune of Zot
 81745 | Vaults:5 | Identified the ring of Asepif {rElec rPois rN+}
 82483 | Vaults:5 | Identified the ring of Goutef {rPois Dex+3}
 84228 | Vaults:5 | Upgraded the game from 0.28-a0-401-ge240ad9e29 to
                  | 0.28-a0-407-g69098e2f6d
 84582 | Zot:1    | Entered Level 1 of the Realm of Zot
 86654 | Zot:2    | Identified the +4 glaive of Misery {venom, rPois Str+7}
 88052 | Swamp:3  | Killed mathmaestro's ghost
 89240 | Zot:3    | Reached skill level 15 in Crossbows
 92143 | Zot:4    | Acquired a manual of Evocations
 93839 | Hell     | Killed Geryon
 94149 | Hell     | Found a gateway to the Iron City of Dis.
 94321 | Hell     | Received a gift from Trog
 94433 | Hell     | Found a gateway to the freezing wastes of Cocytus.
 94481 | Hell     | Found a gateway to the decaying netherworld of Tartarus.
 94547 | Hell     | Found a gateway to the ashen valley of Gehenna.
 95997 | Zot:5    | Entered Level 5 of the Realm of Zot
 98548 | Zot:5    | Noticed an orb of fire
 98568 | Zot:5    | Killed an orb of fire
 98623 | Zot:5    | Noticed an orb of fire
 98636 | Zot:5    | Killed an orb of fire
 99673 | Zot:5    | Noticed an orb of fire
 99678 | Zot:5    | Gained mutation: You are frail. (-10% HP) [an orb of fire]
 99691 | Zot:5    | Killed an orb of fire
 99878 | Zot:5    | Noticed an orb of fire
100916 | Zot:5    | Killed an orb of fire
101112 | Zot:5    | Noticed an orb of fire
101113 | Zot:5    | Gained mutation: You are very frail. (-20% HP) [an orb of
                  | fire]
101115 | Zot:5    | Gained mutation: Your body sometimes deteriorates upon
                  | taking damage. [an orb of fire]
101129 | Zot:5    | Gained mutation: You are dopey. (Int -2) [an orb of fire]
101134 | Zot:5    | Lost intelligence.
101142 | Zot:5    | Killed an orb of fire
102776 | Zot:5    | Noticed a dread lich
102791 | Zot:5    | Killed a dread lich
103183 | Zot:5    | Noticed an ancient lich
103365 | Zot:5    | Killed an ancient lich
103879 | Zot:5    | Got the Orb of Zot
104114 | Depths:5 | Noticed Qiahov Moka the pandemonium lord
104135 | Depths:5 | Killed Qiahov Moka the pandemonium lord
104557 | D:7      | Noticed Fuog the pandemonium lord
104776 | D:$      | Escaped with the Orb!

Illustrated notes

Levels and vault maps discovered:
D:1:      dpeg_arrival_pond, layout_loops_ring
D:2:      minmay_door_path, layout_basic, minmay_pentomino_v2
D:3:      cheibrodos_thug_alley, layout_basic, ebering_ghost_gozag,
          shapermc_ecumenical_altar_mp_ritualfount, cheibrodos_sewer_entry_bend,
          minmay_misc_feat_secret_circle, uniq_ijyb
D:4:      layout_loops_ring, nicolae_wu_jian_glorious_leap,
          lemuel_temple_firewalk_b, serial_undead, serial_undead_e,
          serial_undead_f, serial_undead_b, serial_undead_f, serial_shops, shop,
          shop, nicolae_shop_waterfront, grunt_ministairs_13, uniq_purgy
D:5:      layout_loops_corners, nicolae_overflow_crystal_walls,
          mainiacjoe_overflow_two_lobes, minmay_increasing_density
D:6:      layout_cave_pods, centaur_isle, uniq_blork_the_orc
D:7:      layout_basic
D:8:      layout_gridville, due_lair_maze_entry_diamond,
          roderic_nine_men_s_morris, kennysheep_generic_room_13
D:9:      layout_irregular_city, minmay_orc_entry_temple_small,
          ploomutoo_gammafunk_ghost_potion_laboratory, grunt_ministairs_9,
          abandoned_shop
D:10:     layout_roguey, mainiacjoe_overflow_cross_hatched,
          kiku_gazebo_pond_becter, cheibrodos_ashenzari_chains,
          gammafunk_ghost_abyssal_escape, hangedman_decor_riveting
D:11:     layout_cave_pools, serial_bayou_lagoon_b
D:12:     layout_loops_ring
D:13:     layout_gridville, ximxim_vaults_locker_room, hex_large, uniq_frances
D:14:     layout_rooms, hangedman_decor_lopped
D:15:     hangedman_depths_entry_try_elsewhere_first, layout_stronghold,
          minmay_misc_feat_square
Temple:   minmay_freezing_vapour_temple
Lair:1:   layout_cave_pods, st_stairs_8, infiniplex_staircase_pool_2,
          uniq_harold, uniq_urug
Lair:2:   layout_hall_layers, skrybe_swamp_entry_bodies, beast_lair_carwin_10
Lair:3:   layout_chaotic_city, serial_bayou_lake_a, lemuel_fruit_tree
Lair:4:   layout_hall_layers, spider_nest_entry_web_field, grunt_megastairs_5
Lair:5:   layout_misc_corridors, slime_altar_1, hangedman_lair_generics_rect,
          infiniplex_staircase_pool, grunt_megastairs_1
Lair:6:   gammafunk_lair_ancient_temple, layout_cellular_growth
Swamp:1:  layout_basic_swamp, evilmike_swamp_ruin_rubble_1, swamp_pool2
Swamp:2:  layout_basic_swamp, hangedman_swamp_diagram
Swamp:3:  layout_basic_swamp, ebering_ghost_funeral_grove,
          evilmike_swamp_ruin_house_3, uniq_roxanne
Swamp:4:  swamp_old_school, layout_basic_swamp
Spider:1: cheibrodos_spider_silkery
Spider:2: layout_spider_delve, uniq_nikola
Spider:3: layout_spider_delve, nicolae_looking_at_the_future
Spider:4: spider_rune_water, nicolae_spider_webbed_stairs
Orc:1:    layout_diamond_mine, kennysheep_orc_sif_temple, uniq_snorg
Orc:2:    st_orc_ogre_mass, layout_diamond_mine, gauntlet_entry_generic,
          basic_altar
Elf:1:    minmay_the_grid_triangle_9x9_rhombus_full
          [minmay_the_grid_triangle_9x9_descending_squares,
          minmay_the_grid_triangle_9x9_pentomino_pain,
          minmay_the_grid_triangle_9x9_warning,
          minmay_the_grid_triangle_9x9_longest,
          minmay_the_grid_triangle_9x9_odd_lines,
          minmay_the_grid_triangle_9x9_tough_junction,
          minmay_the_grid_triangle_9x9_zippers_vertical,
          minmay_the_grid_triangle_9x9_prize_top_heavy],
          layout_geoelf_diagonals, serial_shops, nicolae_diamond_shop,
          minmay_elf_sorcery, nicolae_rare_books,
          serial_sigils_hangedman_scratch
Elf:2:    elven_hall_of_blades_hangedman_original
          [nicolae_blade_entry_pointy_end], layout_geoelf_diagonals,
          serial_shops, nicolae_shop_crystal, uniq_asterion
Elf:3:    minmay_elf_hall_dome, layout_rooms, gammafunk_ghost_cemetery,
          minmay_shoptagon, grunt_megastairs_3, uniq_mara
Vaults:1: v_misc_30, vaults_dpeg_hooks, vaults_room_door_ring, v_misc_30,
          nicolae_vaults_inception_statues, vaults_mumra_chevron, v_misc_31,
          v_misc_18, v_pattern_4, nicolae_vaults_network_periphery,
          ontoclasm_vaults_gallery, nicolae_vaults_big_angled_halls,
          nicolae_vaults_bisected_slash, ontoclasm_vaults_fault,
          layout_vaults_maze_bifur
Vaults:2: vaults_room_pools, nicolae_vaults_display_case,
          grunt_vaults_hallway_short, v_misc_8, hangedman_vaults_nails,
          nicolae_vaults_bisected_exclaves, vaults_mumra_minichess_inversion,
          nicolae_vaults_puzzle_piece, v_misc_19, layout_vaults_omnibox,
          serial_shops, shop, serial_glass
Vaults:3: minmay_crypt_entry_necro_gods, nicolae_vaults_border_crossing,
          ontoclasm_vaults_ligature, v_misc_24, v_pattern_5,
          vaults_dpeg_diagonal, vaults_mumra_chevron_long, vaults_room_pools,
          grunt_vaults_hallway_short, nicolae_vaults_angled_halls,
          nicolae_vaults_big_ls, layout_vaults_big_room, mu_enter_wizlab_6
Vaults:4: grunt_vaults_swirl, vaults_dpeg_ring, vaults_standard_mumra_x,
          nicolae_vaults_ninety_degrees, nicolae_vaults_stairing_the_circle,
          vaults_dpeg_cross, vaults_room_fancy_cross,
          nicolae_vaults_little_squares_2, vaults_room_semicircle,
          layout_vaults_omnigrid, uniq_jory
Vaults:5: serial_shops
Crypt:1:  layout_rooms, grunt_crypt_arrival_split, uniq_boris
Crypt:2:  layout_misc_corridors, roderic_lattice_octagonal_star, uniq_khufu
Crypt:3:  quadcrypt_mu, uniq_mennas, uniq_saint_roka
Tomb:1
Depths:1: layout_cave_shapes, grunt_mini_vestibule, serial_shops, shop_statue,
          marbit_kobold_abyss_entry, roderic_serpentine_path,
          vehumet_altar_wand_db
Depths:2: evilmike_inaccessible_box, layout_gridville, abyss_entry, hell_entry,
          minmay_misc_feat_hallway, serial_shops, nicolae_stop_n_shop_1,
          eino_curves_04, drop_trap, grunt_ministairs_8, serial_bayou_shore_b,
          serial_bayou_shore_b
Depths:3: grunt_deathspiral_small, layout_honeycomb, enter_ziggurat_b,
          fedhas_altar_3, hell_entry, serial_shops, shop, pan_entry,
          grunt_ministairs_13
Depths:4: minmay_two_paths, layout_cross, grunt_hell_entry_dis_grunt,
          lemuel_coloured_pillars_altar, abyss_entry_glasseish, minmay_holes,
          infiniplex_staircase_pillars_1
Depths:5: hangedman_spin_cycle, hell_entry
Hell
Zot:1:    layout_onion, nicolae_lava_and_water, st_single_dragon_hoard_2
Zot:2:    layout_basic
Zot:3:    lemuel_acid_trip, layout_onion_interference,
          hangedman_zot_diagonal_lockstep
Zot:4:    grunt_twist_and_shout, layout_onion
Zot:5:    layout_misc_corridors

Skill      XL: |  1  2  3  4  5  6  7  8  9 10 11 12 13 14 15 16 17 18 19 20 21 22 23 24 25 26 27 |
---------------+----------------------------------------------------------------------------------+-----
Axes           | 4 5 6 7 8 9 11 13 14 15 16 17 18 19 23 | 23.0
Fighting       | 4 5 6 7 8 9 10 12 13 14 15 16 18 19 20 22 | 22.5
Evocations     | 2 4 5 7 8 9 10 11 12 13 15 18 | 18.2
Shields        | 1 4 7 8 11 13 14 15 16 18 19 21 22 24 25 | 25.0
Slings         | 4 6 8 9 10 11 | 11.3
Stealth        | 2 4 6 7 8 9 10 11 12 14 15 18 | 18.9
Armour         | 4 6 8 9 10 11 12 13 14 15 | 15.2
Dodging        | 4 6 7 9 10 11 12 13 14 15 16 18 19 20 21 | 21.9
Throwing       | 1 4 6 7 9 12 | 12.5
Polearms       | 4 5 6 8 |  8.9
Crossbows      | 10 11 12 13 16 | 16.0

Action                   |  1- 3 |  4- 6 |  7- 9 | 10-12 | 13-15 | 16-18 | 19-21 | 22-24 | 25-27 || total
-------------------------+-------+-------+-------+-------+-------+-------+-------+-------+-------++-------
Melee: Hand axe          |    65 |   119 |    96 |       |       |       |       |       |       ||   280
       Headbutt          |     6 |    23 |    66 |    62 |   172 |   236 |   342 |   378 |   358 ||  1643
       Dagger            |       |       |    25 |       |       |       |       |       |       ||    25
       Flail             |       |       |   137 |       |       |       |       |       |       ||   137
       War axe           |       |       |    19 |   255 |   589 |   744 |   186 |   157 |    69 ||  2019
       Demon trident     |       |       |       |       |       |    24 |       |   537 |     4 ||   565
       Broad axe         |       |       |       |       |       |       |   699 |   497 |   994 ||  2190
       Bite              |       |       |       |       |       |       |   119 |   207 |   190 ||   516
       Hand crossbow     |       |       |       |       |       |       |       |       |     1 ||     1
 Fire: Hunting sling     |       |       |    38 |    54 |   138 |   188 |       |       |       ||   418
       Hand crossbow     |       |       |       |       |       |   157 |   212 |   410 |  1203 ||  1982
Throw: Stone             |    16 |    32 |     7 |       |       |       |       |       |       ||    55
       Dart              |     2 |       |    21 |    16 |    24 |   111 |       |       |       ||   174
       Javelin           |       |       |       |       |     4 |    10 |     1 |     4 |     4 ||    23
       Boomerang         |       |       |       |       |    17 |    14 |    37 |    30 |    43 ||   141
Invok: Berserk           |     2 |     4 |     5 |     2 |     4 |     8 |     4 |     9 |    10 ||    48
       Trog's Hand       |       |     2 |    11 |    17 |    17 |    29 |    46 |    63 |    80 ||   265
       Brothers in Arms  |       |       |       |       |       |     3 |       |       |     3 ||     6
 Abil: Evoke Invisibilit |       |       |       |       |       |       |       |     1 |     1 ||     2
Evoke: Wand              |       |       |     4 |     7 |    21 |    23 |    16 |    26 |    35 ||   132
       Tin of tremorston |       |       |       |       |       |       |       |       |     4 ||     4
       Condenser vane    |       |       |       |       |       |       |       |       |     2 ||     2
  Use: Scroll            |       |     5 |     8 |     8 |    23 |    15 |     3 |    12 |    24 ||    98
       Potion            |       |       |       |     1 |     1 |     6 |     7 |    12 |    14 ||    41
 Stab: Sleeping          |     1 |     1 |       |       |       |       |       |     1 |     1 ||     4
       Paralysed         |       |       |     2 |     6 |     4 |       |     6 |     7 |     2 ||    27
       Distracted        |       |       |       |       |       |     2 |       |       |     1 ||     3
       Invisible         |       |       |       |       |       |       |       |     3 |     8 ||    11
Armor: Animal skin       |     9 |     3 |       |       |       |       |       |       |       ||    12
       Ring mail         |       |    25 |   156 |    34 |       |       |       |       |       ||   215
       Troll leather arm |       |       |       |    21 |       |       |       |       |       ||    21
       Chain mail        |       |       |       |    11 |    21 |       |       |       |       ||    32
       Plate armour      |       |       |       |       |   272 |   703 |   313 |   290 |   161 ||  1739
       Gold dragon scale |       |       |       |       |       |       |       |       |   194 ||   194
Dodge: Dodged            |    30 |    53 |   182 |    92 |   180 |   331 |   250 |   230 |   340 ||  1688
Block: Buckler           |       |       |    10 |    36 |    48 |       |       |       |       ||    94
       Tower shield      |       |       |       |       |   214 |  1026 |   954 |  1006 |  1628 ||  4828
       Reflection        |       |       |       |       |       |     2 |    40 |    17 |    98 ||   157

Table legend: (Time is in decaauts)
 A = Elapsed time spent in this place.
 B = Non-inter-level travel time spent in this place.
 C = Inter-level travel time spent in this place.
 D = Time resting spent in this place.
 E = Time spent auto-exploring this place.
 F = Levels seen in this place.
 G = Mean time per level.
                   A        B        C        D        E       F      G
               +--------+--------+--------+--------+--------+-----+--------+
         Total | 104284 |  89168 |  15116 |  33918 |  33013 |  58 | 1798.0 |
       Dungeon |  23004 |  16418 |   6586 |   3011 |   9418 |  15 | 1533.6 |
        Temple |      1 |      0 |      1 |      0 |      0 |   1 |    1.0 |
          Lair |   6863 |   5708 |   1155 |    562 |   3850 |   6 | 1143.8 |
         Swamp |   3169 |   2934 |    235 |    377 |   1551 |   4 |  792.2 |
   Spider Nest |   7744 |   7387 |    357 |   4304 |   1597 |   4 | 1936.0 |
  Orcish Mines |   2643 |   2134 |    509 |    334 |    916 |   2 | 1321.5 |
   Elven Halls |   6034 |   5649 |    385 |   1937 |   2360 |   3 | 2011.3 |
        Vaults |  12353 |  10450 |   1903 |   3111 |   5019 |   5 | 2470.6 |
         Crypt |   6842 |   5521 |   1321 |   2150 |   1060 |   3 | 2280.7 |
          Tomb |    625 |    623 |      2 |    286 |      0 |   1 |  625.0 |
        Depths |  16968 |  15044 |   1924 |   7811 |   4819 |   5 | 3393.6 |
          Hell |   1461 |   1452 |      9 |    432 |    636 |   1 | 1461.0 |
           Zot |  13198 |  12475 |    723 |   8011 |   1314 |   5 | 2639.6 |
         Abyss |    626 |    626 |      0 |    336 |      0 |   1 |  626.0 |
         Sewer |    750 |    750 |      0 |    353 |    171 |   1 |  750.0 |
        Wizlab |   1998 |   1998 |      0 |    895 |    300 |   1 | 1998.0 |
               +--------+--------+--------+--------+--------+-----+--------+

Top non-repeatable levels by time:
   Zot:5: 5454 daAuts
Depths:1: 5066 daAuts
Spider:4: 3710 daAuts
Vaults:5: 3514 daAuts
Depths:5: 3485 daAuts
Depths:3: 3422 daAuts
 Crypt:3: 3353 daAuts
   Zot:3: 2961 daAuts
    D:15: 2851 daAuts
Depths:4: 2787 daAuts
Vaults:3: 2596 daAuts
     D:9: 2564 daAuts
Vaults:2: 2300 daAuts
   Elf:3: 2250 daAuts
Depths:2: 2206 daAuts
